 Dungeon Crawl Stone Soup version 0.24-a0-537-g2d01d4ab0a (webtiles) character file.

Game seed: 15963162111908539576

60 DavidChitty2 the Conjurer (level 3, 0/28 HPs)
             Began as a Draconian Conjurer on Aug 16, 2019.
             Slain by a gnoll
             ... wielding a +0 flail
              (11 damage)
             ... on level 2 of the Dungeon.
             The game lasted 00:03:42 (2138 turns).

DavidChitty2 the Conjurer (Draconian Conjurer)      Turns: 2138, Time: 00:03:43

Health: 0/28       AC: 11    Str: 10    XL:     3   Next: 82%
Magic:  0/6        EV: 12    Int: 16    God:
Gold:   86         SH:  0    Dex: 11    Spells: 4/7 levels left

rFire    . . .     SeeInvis .   b - +0 short sword
rCold    . . .     Gourm    .   (no shield)
rNeg     . . .     Faith    .   (armour unavailable)
rPois    .         Spirit   .   (helmet restricted)
rElec    .         Reflect  .   (no cloak)
rCorr    .         Harm     .   n - +2 pair of gloves
MR       .....                  s - +2 pair of boots
Stlth    ++........             (no amulet)
HPRegen  0.09/turn              (no ring)
MPRegen  0.10/turn              (no ring)

@: no status effects
A: unfitting armour, cold-blooded, AC +5
a: no special abilities


You were on level 2 of the Dungeon.
You were not hungry.

You visited 1 branch of the dungeon, and saw 2 of its levels.

You collected 86 gold pieces.

Inventory:

Hand Weapons
 b - a +0 short sword (weapon)
   (You took it off a kobold on level 1 of the Dungeon)
Missiles
 a - 135 stones (quivered)
Armour
 n - a +2 pair of gloves (worn)
   (You found it on level 1 of the Dungeon)
 s - a +2 pair of boots (worn)
   (You found it on level 2 of the Dungeon)
Scrolls
 d - 2 scrolls of blinking {unknown}
 f - a scroll of immolation {unknown}
 g - a scroll of teleportation {unknown}
 j - a scroll of remove curse {unknown}
 k - a scroll of random uselessness {unknown}
 l - a scroll of identify {unknown}
 o - a scroll of fear {unknown}
 p - a scroll of enchant armour {unknown}
Potions
 c - a potion of magic {unknown}
 h - a potion of curing {@q1}
 i - a potion of might {unknown}
 m - a potion of resistance {unknown}
 q - a potion of berserk rage {unknown}
Comestibles
 e - 6 rations {!d}


   Skills:
 + Level 1.6 Fighting
 - Level 1.7 Dodging
 - Level 1.7 Stealth
 + Level 2.6 Spellcasting
 * Level 4.8 Conjurations


You had 4 spell levels left.
You knew the following spells:

 Your Spells              Type           Power        Failure   Level  Hunger
a - Magic Dart            Conj           ###.         2%          1    #......
s - Searing Ray           Conj           ###...       4%          2    ##.....

Your spell library contained the following spells:

 Spells                   Type           Power        Failure   Level  Hunger
 Dazzling Spray           Conj/Hex       #.....       22%         3    ###....
 Iskenderun's Mystic Bla  Conj           ###.....     26%         4    #####..
 Force Lance              Conj/Tloc      #.......     58%         4    #####..
 Fulminant Prism          Conj/Hex       #.........   58%         4    #####..


Dungeon Overview and Level Annotations

Branches:
Dungeon (2/15)

Altars:


Innate Abilities, Weirdness & Mutations

Your plain brown scales are hard. (AC +5)
You cannot fit into any form of body armour.
You are cold-blooded and may be slowed by cold attacks.


Message History

Aim: a gnoll (lightly wounded)
The magic dart hits the gnoll.
Aim: a gnoll (heavily wounded)
The magic dart hits the bat.
You kill the bat!
Aim: a gnoll (heavily wounded)
You miscast Searing Ray.
You are very lightly contaminated with residual magic.
You smell something strange.
The gnoll hits you!
You hit the gnoll. The gnoll hits you but does no damage.
You hit the gnoll.
You kill the gnoll!
You see here a gnoll corpse.
You butcher the gnoll corpse.
r - a chunk of flesh You see here a gnoll skeleton.
You start resting.
Your magical contamination has completely faded away.
Eating a chunk of flesh.
You eat the chunk of flesh.
You start resting.
The gnoll shouts!
The gnoll is too close now for your liking.
You see here a gnoll skeleton.
Aim: a gnoll, wielding a +0 flail and wearing a cursed +0 ring mail The magic dart hits the gnoll but does no damage.
Aim: a gnoll, wielding a +0 flail and wearing a cursed +0 ring mail The magic dart hits the gnoll but does no damage.
You see here a gnoll skeleton.
Aim: a gnoll, wielding a +0 flail and wearing a cursed +0 ring mail The searing ray hits the gnoll! (Press . to maintain the ray.)
The searing ray hits the gnoll.
The searing ray hits the gnoll but does no damage.
The gnoll closely misses you.
You don't have enough magic to cast that spell.
You barely miss the gnoll.
Your tail-slap misses the gnoll.
The gnoll barely misses you.
You hit the gnoll but do no damage.
You tail-slap the gnoll, but do no damage.
The gnoll hits you with a +0 flail!
You barely miss the gnoll. The gnoll completely misses you.
You barely miss the gnoll. The gnoll closely misses you.
You barely miss the gnoll. The gnoll closely misses you.
You barely miss the gnoll. The gnoll hits you with a +0 flail.
* * * LOW HITPOINT WARNING * * *
Aim: a gnoll, wielding a +0 flail and wearing a cursed +0 ring mail (heavily wounded)
The magic dart hits the gnoll but does no damage.
The gnoll hits you with a +0 flail!
You die...

###.#.# #.##.#.# #.#
#.....# ###.#....# #.#
#.....###........# #.#
#.........#.#....######.#
#.....#####.#...........#
#.....#####.##.#.########
#####............#
##########.### #@# #g#
##.# #... . # #..##### #.
. #..# .. ...#.#..##.#
#....#...#.###...
#......().gg...


You could see a gnoll.

Vanquished Creatures
  3 gnolls (D:2)
  3 leopard geckos
  4 goblins
  5 hobgoblins
  2 jackals (D:1)
  4 kobolds
  2 bats (D:2)
  3 frilled lizards
  2 rats (D:2)
28 creatures vanquished.

Notes
Turn   | Place    | Note
-------+----------+-------------------------------------------
     0 | D:1      | DavidChitty2 the Draconian Conjurer began the quest for the
                  | Orb.
     0 | D:1      | Reached XP level 1. HP: 14/14 MP: 3/3
     6 | D:1      | Noticed a wyvern
     6 | D:1      | Noticed a wolf
     8 | D:1      | Noticed a salamander
     8 | D:1      | Noticed a black bear
   336 | D:1      | Reached XP level 2. HP: 16/22 MP: 0/5
   340 | D:1      | Learned a level 2 spell: Searing Ray
   890 | D:2      | Reached skill level 1 in Fighting
  1253 | D:2      | Reached XP level 3. HP: 28/28 MP: 3/6
  2138 | D:2      | Slain by a gnoll

Levels and vault maps discovered:
D:1:      onia_arrival_zoo_common, layout_basic
D:2:      layout_loops_corners, first_ration

Skill      XL: |  1  2 |
---------------+-------+-----
Fighting       | 1 |  1.6
Dodging        | |  1.7
Stealth        | |  1.7
Spellcasting   | |  2.6
Conjurations   | |  4.8

Action                   || total
-------------------------++-------
Melee: Short sword       ||    31
       Tailslap          ||     2
 Cast: Magic Dart        ||    55
       Searing Ray       ||     3
  Use: Potion            ||     1
  Eat: Chunk             ||     5
Armor: Skin              ||    12
Dodge: Dodged            ||    24

Table legend:
 A = Non-vault XP
 B = Vault XP
 C = Vault XP percentage of total XP
 D = Non-vault monster count
 E = Vault monster count
 F = Vault count percentage of total count
                 A         B        C        D         E       F
            +---------+---------+-------+---------+---------+-------
      Total |      87 |       0 |   0.0 |      28 |       0 |   0.0
            +---------+---------+-------+---------+---------+-------
        D:1 |      23 |       0 |   0.0 |      12 |       0 |   0.0
        D:2 |      64 |       0 |   0.0 |      16 |       0 |   0.0
            +---------+---------+-------+---------+---------+-------
